Map: Glittering Ashes LE

Players

Pumba - Winner!

  • Race: Protoss Protoss
  • League: Master
  • Spawn Location: 1:00

LilPetit

  • Race: Terran Terran
  • League: Grandmaster
  • Spawn Location: 7:00

VOD

Have the link to the VOD?

Description

Time

  • Played on: April 12, 2022, 9:07 p.m.
  • Length: 20:35
Show
View Real Time Build Order
Export as new Build Order

Pumba Protoss - Winner!

Build Orders: 1 Gate Expand, Phoenix Opening 

Get SALT Encoding   

  12  0:00  Probe  
  13  0:12  Probe  
  14  0:19  Pylon  
  14  0:25  Probe (Chrono Boost)  
  15  0:37  Probe (Chrono Boost), Gateway  
  16  0:45  Probe (Chrono Boost)  
  17  0:50  Assimilator  
  17  0:51  Probe  
  18  1:03  Probe  
  19  1:15  Probe  
  20  1:24  Nexus  
  20  1:34  Cybernetics Core  
  20  1:37  Probe  
  21  1:44  Assimilator  
  21  1:49  Probe  
  22  1:55  Pylon  
  22  2:02  Probe  
  23  2:13  Adept (Chrono Boost)  
  23  2:14  Probe  
  26  2:17  Stargate  
  26  2:26  Probe (Chrono Boost)  
  27  2:32  Warp Gate  
  28  2:37  Stalker (Chrono Boost)  
  28  2:38  Probe (Chrono Boost)  
  28  2:40  Probe (Chrono Boost)  
  31  2:47  Probe (Chrono Boost)  
  31  2:49  Probe (Chrono Boost)  
  33  2:54  Probe x2 (Chrono Boost)  
  35  3:01  Phoenix (Chrono Boost)  
  35  3:04  Probe  
  38  3:07  Probe  
  38  3:10  Pylon  
  39  3:16  Probe  
  39  3:19  Probe  
  37  3:28  Probe  
  37  3:31  Probe  
  38  3:35  Phoenix  
  41  3:42  Probe (Chrono Boost), Gateway  
  41  3:44  Probe (Chrono Boost)  
  41  3:48  Robotics Facility  
  43  3:57  Probe (Chrono Boost)  
  43  3:58  Probe (Chrono Boost)  
  43  4:01  Phoenix (Chrono Boost)  
  43  4:02  Probe (Chrono Boost)  
  45  4:08  Probe  
  47  4:15  Probe  
  48  4:17  Assimilator  
  48  4:20  Probe  
  48  4:21  Assimilator  
  48  4:23  Phoenix (Chrono Boost)  
  51  4:24  Pylon  
  51  4:27  Probe  
  52  4:32  Probe  
  53  4:40  Nexus  
  53  4:45  Phoenix (Chrono Boost)  
  53  4:49  Probe x2  
  57  4:57  Pylon  
  57  5:01  Probe x2  
  59  5:10  Pylon  
  59  5:12  Observer, Robotics Bay  
  59  5:13  Probe  
  61  5:18  Twilight Council  
  61  5:19  Gateway  
  61  5:22  Sentry  
  61  5:24  Probe  
  61  5:25  Probe  
  65  5:36  Probe  
  66  5:44  Probe  
  66  5:47  Shield Battery  
  66  5:48  Shield Battery  
  67  5:51  Gateway  
  67  5:52  Charge (Chrono Boost), Zealot x2, Gateway  
  71  6:06  Probe  
  71  6:08  Colossus (Chrono Boost)  
  71  6:09  Probe  
  79  6:12  Extended Thermal Lance  
  79  6:16  Zealot  
  79  6:17  Zealot  
  83  6:19  Zealot  
  83  6:21  Observer  
  85  6:32  Probe x2  
  87  6:34  Probe  
  87  6:36  Observer, Pylon  
  87  6:37  Pylon  
  87  6:39  Pylon  
  88  6:40  Pylon  
  86  6:51  Colossus (Chrono Boost)  
  86  6:52  Zealot x4  
  92  6:59  Probe  
  99  7:02  Probe  
  99  7:03  Gateway  
  99  7:05  Observer, Gateway  
  100  7:10  Probe  
  97  7:18  Assimilator  
  97  7:20  Templar Archives  
  97  7:22  Blink (Chrono Boost), Assimilator  
  97  7:23  Zealot x3  
  97  7:29  Zealot x2  
  91  7:41  Colossus (Chrono Boost)  
  83  7:47  Probe x3  
  92  7:55  Pylon  
  92  7:57  Pylon  
  92  7:58  Pylon  
  92  7:59  Probe x2  
  94  8:06  Forge  
  94  8:18  Warp Prism (Chrono Boost), High Templar x3  
  94  8:19  High Templar  
  102  8:20  Zealot, High Templar x2  
  102  8:25  Probe  
  111  8:31  Archon  
  111  8:32  Archon x2  
  103  9:00  Photon Cannon  
  94  9:02  Zealot  
  94  9:03  Zealot, Stalker x2  
  94  9:05  Probe x2  
  103  9:13  Void Ray (Chrono Boost)  
  107  9:24  Probe x3  
  106  9:34  Zealot x7  
  117  9:56  Zealot x4  
  125  10:07  Protoss Ground Weapons Level 1 (Chrono Boost), Nexus  
  125  10:10  Pylon  
  125  10:11  Pylon  
  125  10:13  Pylon  
  125  10:14  Pylon  
  125  10:15  Photon Cannon  
  125  10:16  Photon Cannon  
  125  10:25  Probe x2  
  115  10:29  Stalker x3  
  95  10:39  Zealot x3  
  89  10:47  Zealot  
  83  10:53  Stalker  
  83  10:54  Stalker x2  
  83  10:56  Probe x2  
  91  10:59  Probe  
  91  11:03  Zealot  
  94  11:08  Probe x2  
  94  11:11  Psionic Storm  
  94  11:15  Disruptor (Chrono Boost)  
  84  11:22  Robotics Facility  
  87  11:29  Observer  
  87  11:32  High Templar x4  
  95  11:34  High Templar  
  95  11:35  High Templar  
  99  11:40  Shield Battery  
  99  11:41  Shield Battery, High Templar  
  99  11:42  Photon Cannon  
  101  11:48  Forge  
  101  11:52  Disruptor (Chrono Boost)  
  101  11:58  Protoss Ground Armor Level 1 (Chrono Boost)  
  101  12:01  Observer  
  104  12:04  Zealot  
  104  12:05  Zealot x3  
  104  12:06  Probe x4  
  116  12:18  Probe  
  117  12:28  Zealot  
  119  12:35  Zealot x6  
  119  12:36  Disruptor (Chrono Boost)  
  135  12:40  Disruptor (Chrono Boost)  
  115  13:00  Zealot x4, Protoss Ground Weapons Level 2 (Chrono Boost), Stalker x3  
  129  13:09  Archon x2  
  129  13:12  Disruptor (Chrono Boost)  
  135  13:15  Disruptor (Chrono Boost)  
  135  13:25  High Templar x3  
  135  13:26  Zealot x3  
  135  13:27  Zealot  
  149  13:30  Dark Shrine  
  149  13:33  Archon  
  144  13:40  Disruptor x2 (Chrono Boost)  
  142  13:53  Probe  
  143  13:55  Assimilator  
  143  13:57  Assimilator  
  143  13:59  Protoss Ground Armor Level 2 (Chrono Boost)  
  143  14:08  Nexus, Robotics Facility  
  143  14:14  Observer x2  
  145  14:17  High Templar  
  145  14:18  High Templar  
  145  14:19  High Templar  
  145  14:22  Probe x3, Pylon  
  145  14:23  Probe  
  155  14:24  Assimilator  
  155  14:28  Assimilator  
  155  14:34  Probe x2  
  155  14:35  Disruptor x2, Probe x2  
  163  14:46  Probe  
  163  14:47  Probe x3  
  163  14:59  Probe x4  
  165  15:11  Probe x2  
  157  15:15  Colossus x2  
  157  15:17  Gravitic Boosters (Chrono Boost), Colossus  
  157  15:19  Protoss Ground Weapons Level 3 (Chrono Boost)  
  175  15:23  Probe x2  
  175  15:27  Photon Cannon  
  175  15:28  Shield Battery, Photon Cannon, Probe x2  
  177  15:29  Shield Battery  
  177  15:30  Pylon  
  177  15:34  Zealot x2  
  177  15:35  Zealot x2  
  179  15:42  Gateway  
  179  15:44  Gateway  
  179  15:48  Zealot x3  
  183  16:07  Gravitic Drive  
  166  16:18  High Templar  
  166  16:19  High Templar x4  
  166  16:20  High Templar  
  173  16:28  Archon x2  
  161  16:37  Stalker  
  149  16:41  Gateway  
  149  16:42  Gateway  
  149  16:46  Pylon  
  139  16:52  Stalker  
  139  16:53  Zealot x3, Stalker x2  
  148  16:54  Stalker x2  
  148  16:55  Gateway  
  148  17:06  Dark Templar  
  146  17:12  Nexus  
  140  17:15  Assimilator  
  138  17:23  Nexus, Zealot x3, Stalker  
  138  17:24  Stalker x4  
  120  17:46  Zealot x3  
  120  17:47  Zealot x4  
  134  17:55  Dark Templar x5  
  134  17:57  Disruptor x3  
  153  18:08  Zealot x7  
  166  18:30  Zealot x4  
  166  18:33  Disruptor  
  171  18:35  Shadow Stride (Chrono Boost)  
  161  18:42  Disruptor  
  161  18:43  Colossus  
  161  18:45  Dark Templar x6  
  176  18:57  Zealot x4  
  176  18:58  Zealot x2  
  186  19:13  Stalker x2  
  186  19:14  Stalker  
  180  19:31  Disruptor  
  183  19:44  High Templar x2  
  183  19:45  High Templar x4  
  195  19:46  Zealot x2  
  193  19:58  Archon  
  172  20:02  Archon  
  172  20:06  Zealot x4  
Show
View Real Time Build Order
Export as new Build Order

LilPetit Terran 

Build Orders:  

Get SALT Encoding   

  12  0:00  SCV  
  13  0:12  SCV  
  14  0:17  Supply Depot  
  14  0:24  SCV  
  15  0:38  SCV  
  15  0:39  Barracks  
  15  0:42  Refinery  
  16  0:50  SCV  
  16  0:52  Refinery  
  17  1:02  SCV  
  18  1:15  SCV  
  19  1:26  Reaper  
  19  1:27  Orbital Command  
  19  1:28  Supply Depot  
  20  1:42  Factory  
  20  1:53  SCV  
  21  1:59  Reaper  
  22  2:05  SCV  
  23  2:17  Command Center  
  23  2:19  SCV  
  24  2:29  Hellion  
  26  2:30  Supply Depot  
  26  2:34  SCV  
  26  2:36  Barracks Reactor  
  27  2:44  Starport  
  27  2:48  SCV  
  27  2:50  Factory Tech Lab  
  28  3:00  SCV  
  29  3:12  SCV, Marine x2  
  32  3:16  Factory Tech Lab  
  32  3:24  SCV  
  33  3:30  Marine x2  
  33  3:34  Orbital Command  
  31  3:36  SCV  
  31  3:39  Cyclone  
  35  3:46  Raven  
  37  3:48  Bunker  
  37  3:49  SCV  
  37  3:52  Marine x2  
  40  3:59  Supply Depot, SCV  
  40  4:01  SCV  
  42  4:10  Marine x2  
  44  4:20  SCV x2  
  44  4:22  Barracks x2  
  46  4:25  Supply Depot  
  46  4:27  Engineering Bay  
  46  4:30  Factory Reactor  
  46  4:32  SCV  
  46  4:35  SCV  
  46  4:36  Refinery  
  48  4:39  Starport Reactor  
  48  4:40  Marine x2  
  48  4:45  SCV  
  51  4:47  SCV  
  52  4:53  Supply Depot, Terran Infantry Weapons Level 1  
  52  4:57  SCV, Marine  
  52  4:58  Marine  
  52  4:59  SCV  
  53  5:09  SCV  
  58  5:14  Widow Mine x2  
  58  5:15  Marine x2  
  58  5:17  SCV  
  61  5:21  SCV  
  61  5:24  Supply Depot, Stimpack  
  62  5:30  Combat Shield  
  62  5:31  Marine  
  58  5:40  SCV x2  
  58  5:41  Medivac, Widow Mine x2  
  66  5:44  Medivac, Marine  
  66  5:45  Marine  
  66  5:48  Marine  
  71  5:50  Supply Depot  
  71  5:52  SCV  
  72  5:58  Refinery  
  72  6:00  Supply Depot  
  72  6:01  SCV  
  72  6:03  Marine  
  72  6:04  Marine  
  74  6:05  SCV  
  74  6:06  Marine  
  77  6:13  SCV, Medivac  
  77  6:17  SCV  
  81  6:19  Supply Depot  
  81  6:23  Supply Depot, Marine x2  
  83  6:27  Marine x2  
  83  6:28  Widow Mine x2  
  89  6:43  Marine x2  
  89  6:48  Marine  
  89  6:49  Marine  
  89  6:50  Medivac x2  
  89  6:54  Widow Mine x2  
  99  6:56  Command Center  
  99  6:57  SCV  
  99  7:00  Terran Infantry Armor Level 1  
  99  7:01  Marine  
  100  7:04  Marine  
  100  7:06  Concussive Shells  
  102  7:09  Supply Depot  
  102  7:10  Supply Depot, SCV  
  102  7:14  Marine x2  
  105  7:16  SCV  
  105  7:20  Medivac  
  105  7:22  SCV  
  109  7:28  SCV  
  98  7:43  Marine x2  
  98  7:45  Marauder x2  
  98  7:46  Medivac, Widow Mine x2  
  106  7:52  Barracks  
  106  7:53  Barracks  
  106  7:55  SCV x2  
  106  7:57  Missile Turret  
  108  8:00  Starport  
  108  8:04  Engineering Bay  
  108  8:08  Armory  
  108  8:12  Orbital Command  
  108  8:14  SCV x2  
  108  8:15  Marauder x2, Marine x2  
  108  8:17  Supply Depot  
  108  8:19  Widow Mine  
  118  8:27  Viking x2  
  122  8:55  Marauder, Marine  
  115  8:59  Barracks Tech Lab  
  115  9:00  Barracks Reactor, Marine  
  115  9:01  Viking x2, Starport Reactor  
  118  9:10  Marauder  
  118  9:11  Widow Mine x2  
  118  9:12  Terran Infantry Armor Level 2, Terran Infantry Weapons Level 2  
  126  9:17  Marauder  
  123  9:33  Marauder x2, Marine x2  
  123  9:34  Viking x2  
  123  9:38  Marauder  
  129  9:43  SCV x3  
  131  9:51  Refinery, Marine  
  131  9:52  Sensor Tower  
  129  9:55  Marauder x2  
  133  10:00  Marauder, Marine x3  
  133  10:03  Ghost Academy, Viking x2  
  133  10:05  Command Center, Missile Turret  
  133  10:06  Widow Mine x2  
  136  10:07  Sensor Tower  
  136  10:09  SCV x3  
  139  10:15  Viking  
  139  10:16  Marauder  
  139  10:18  Marauder  
  139  10:20  Supply Depot  
  145  10:21  SCV, Marauder  
  145  10:23  Supply Depot  
  120  10:46  Marine  
  120  10:47  Marauder  
  106  11:01  Marauder x2, Marine x3  
  106  11:02  Viking x4  
  121  11:08  Marauder  
  120  11:11  Bunker  
  120  11:18  Marine x2  
  121  11:19  Marine  
  121  11:21  Ghost x2  
  121  11:22  Planetary Fortress  
  121  11:23  SCV  
  121  11:24  SCV  
  129  11:27  Marine  
  129  11:29  Marine  
  129  11:32  Viking  
  133  11:33  Barracks  
  133  11:35  Refinery, SCV x2, Barracks x2  
  133  11:36  Refinery  
  133  11:37  Marine x2  
  133  11:38  Marine  
  138  11:41  Refinery  
  138  11:46  Ghost  
  138  11:48  Medivac  
  138  11:50  Ghost  
  144  12:01  Ghost  
  144  12:02  Marine x4  
  150  12:15  Marine  
  150  12:17  Enhanced Shockwaves  
  150  12:19  Marine  
  150  12:20  Medivac  
  154  12:30  Marauder  
  154  12:31  Barracks Tech Lab x2  
  154  12:32  Command Center  
  154  12:34  Command Center  
  154  12:35  Marine  
  154  12:36  Barracks Reactor  
  148  12:53  Marauder x2  
  148  12:54  Marauder  
  148  13:07  Ghost x2  
  148  13:08  Marine  
  148  13:09  Marine x2  
  148  13:10  Medivac x2, Widow Mine x2  
  163  13:15  Marauder x2  
  166  13:24  Marauder  
  164  13:35  Personal Cloaking  
  164  13:36  Marauder  
  145  13:46  Command Center  
  123  13:49  Missile Turret  
  123  13:50  Ghost  
  123  13:51  Marine x6  
  119  13:57  Marauder x3, Orbital Command  
  119  13:58  Marauder  
  119  14:00  SCV x3  
  119  14:01  SCV  
  129  14:09  Fusion Core, Marine  
  130  14:10  Terran Infantry Weapons Level 3, Terran Infantry Armor Level 3  
  130  14:11  Armory  
  130  14:12  SCV  
  130  14:13  Terran Ship Weapons Level 1  
  131  14:19  Marauder x5  
  131  14:20  Liberator  
  144  14:31  Bunker  
  143  14:40  Marauder  
  143  14:41  Marauder  
  131  14:46  Marine  
  131  14:47  Marauder x2, Marine x6  
  142  14:55  SCV x2  
  144  15:01  Marine x2  
  144  15:04  Marine  
  144  15:05  Marauder  
  142  15:08  Marauder x2  
  142  15:13  Marine  
  142  15:14  Marine x4  
  143  15:19  Ghost  
  143  15:20  Marauder  
  149  15:22  Marine  
  149  15:23  Widow Mine x2  
  149  15:24  Liberator x4  
  149  15:26  Marine  
  166  15:29  Marine  
  167  15:42  Marauder x2, Marine x3  
  173  15:45  Bunker  
  173  15:51  Missile Turret  
  173  15:52  Marauder x3  
  173  15:54  Planetary Fortress  
  171  16:07  Liberator  
  167  16:17  Marauder x2, Marine  
  167  16:18  Marauder x3  
  116  16:39  Marauder x5  
  117  16:40  Marine x6  
  117  16:45  SCV x2  
  117  16:47  SCV  
  126  16:48  Orbital Command  
  124  16:58  Marine x3  
  124  17:00  Marauder x3  
  125  17:23  SCV x5  
  125  17:24  SCV  
  125  17:25  Marauder x4  
  125  17:26  Marauder  
  141  17:33  Advanced Ballistics  
  101  17:46  Ghost x4  
  101  17:47  Marauder  
  105  18:02  Marine  
  105  18:03  Marine x5  
  112  18:05  SCV x2  
  112  18:08  SCV x2, Marauder  
  117  18:15  Marauder, Marine x3  
  122  18:22  Marine x2  
  122  18:23  Marine  
  125  18:29  Ghost  
  125  18:33  Ghost x2  
  129  18:41  SCV x2  
  125  18:42  SCV x2  
  125  18:44  SCV x2  
  129  18:49  Missile Turret  
  129  18:50  Bunker  
  129  18:53  SCV x2  
  129  18:54  SCV x2  
  133  19:08  Command Center  
  129  19:22  Missile Turret  
  118  19:25  Refinery  
  97  19:32  Marauder x3, Marine x8  
  107  19:49  Marine  
  107  19:50  Marauder x2, Marine x2  
  107  19:53  Marauder  
  79  20:06  Marauder, Marine x2  
Tags
 
Add a new tag
Caveats
  • Supply blocks, unpowered buildings, or Contaminate may cause inaccurate times.
  • Supply counts are checked every 10 seconds.